 Dungeon Crawl Stone Soup version 0.28.0-53-g5a82cb258f (webtiles) character file.

Game seed: 7877890141912104457

4403 cumgoblin the Thaumaturge (level 10, -3/91 HPs)
             Began as a Deep Elf Conjurer on June 9, 2022.
             Was an Initiate of Vehumet.
             Slain by a killer bee (5 damage)
             ... on level 8 of the Dungeon.
             The game lasted 00:13:33 (11725 turns).

cumgoblin the Thaumaturge (Deep Elf Conjurer)      Turns: 11725, Time: 00:13:34

Health: -3/91      AC:  7    Str:  4    XL:     10   Next: 13%
Magic:  15/25      EV: 13    Int: 28    God:    Vehumet [......]
Gold:   313        SH:  0    Dex: 13    Spells: 17/27 levels left

rFire   + . .      SeeInvis .   p - +3 scythe (protect)
rCold   . . .      Faith    .   (shield currently unavailable)
rNeg    . . .      Spirit   .   m - +0 steam dragon scales
rPois   .          Reflect  .   j - +0 helmet
rElec   .          Harm     .   (no cloak)
rCorr   +          Rampage  .   g - +0 pair of gloves
Will    +....      Clarity  +   (no boots)
Stlth   ..........              (no amulet)
HPRegen 0.25/turn               d - ring of resist corrosion
MPRegen 0.19/turn               k - ring of protection from fire

@: berserking, lethally poisoned (-3 -> -11), very quick
A: clarity, robust 1
a: Renounce Religion


You were on level 8 of the Dungeon.
You worshipped Vehumet.
Vehumet was noncommittal.
You visited 2 branches of the dungeon, and saw 9 of its levels.

You collected 313 gold pieces.

Inventory:

Hand Weapons
 p - a +3 scythe of protection (weapon)
Missiles
 s - 2 throwing nets
Armour
 g - a +0 pair of gloves (worn)
 j - a +0 helmet (worn)
 m - +0 steam dragon scales (worn)
Jewellery
 d - a ring of resist corrosion (left hand)
 k - a ring of protection from fire (right hand)
 l - a ring of fire
 u - a ring of flight
Wands
 b - a wand of flame (15)
 t - a wand of acid (17)
Scrolls
 a - a scroll of teleportation
 e - a scroll of brand weapon
 h - a scroll of identify
 i - 3 scrolls of fear
Potions
 c - a potion of brilliance
 o - a potion of might
 v - a potion of mutation


   Skills:
 + Level 4.1 Fighting
 - Level 4.9 Dodging
 - Level 2.4 Stealth
 + Level 9.0 Spellcasting
 + Level 8.4 Conjurations
 - Level 7.5 Hexes
 + Level 8.4 Ice Magic


You had 17 spell levels left.
You knew the following spells:

 Your Spells              Type           Power      Damage    Failure   Level
a - Magic Dart            Conj           100%       1d8       1%          1
b - Searing Ray           Conj           100%       2d8       1%          2
c - Fulminant Prism       Conj/Hex       27%        3d14      1%          4
d - Ozocubu's Armour      Ice            56%        N/A       1%          3

Your spell library contained the following spells:

 Spells                   Type           Power      Damage    Failure   Level
 Foxfire                  Conj/Fire      100%       2x1d9     1%          1
 Dazzling Flash           Conj/Hex       100%       N/A       1%          3
 Conjure Flame            Conj/Fire      36%        6-21      2%          3
 Inner Flame              Hex/Fire       33%        N/A       2%          3
 Apportation              Tloc           24%        N/A       4%          1
 Flame Wave               Conj/Fire      36%        2d9       8%          4
 Iskenderun's Mystic Bla  Conj/Tloc      36%        2d9       8%          4
 Gell's Gravitas          Tloc           12%        N/A       13%         3
 Teleport Other           Tloc           12%        N/A       13%         3
 Silence                  Hex/Air        16%        N/A       26%         5
 Ozocubu's Refrigeration  Ice            28%        4d10      75%         7
 Agony                    Necr           12%        N/A       77%         5
 Alistair's Intoxication  Tmut/Pois      8%         N/A       77%         5
 Dispersal                Tloc           6%         N/A       100%        6


Dungeon Overview and Level Annotations

Branches:
Dungeon (8/15)             Temple (1/1) D:5
   Lair: D:8-11

Altars:
Ashenzari
Cheibriados
Dithmenos
Elyvilon
Fedhas
Gozag
Kikubaaqudgha
Makhleb
Qazlal
Ru
Trog
Uskayaw
Vehumet
Wu Jian
Xom
Yredelemnul
Zin
The Shining One

Annotations:
D:6 1 runed translucent door


Innate Abilities, Weirdness & Mutations

You possess an exceptional clarity of mind.
You are robust. (+10% HP)


Message History

The killer bee poisons you! The killer bee barely misses you.
The killer bee stings you. The killer bee closely misses you.
You feel sick. The killer bee stings you! The killer bee stings you.
You are more poisoned.
The killer bee poisons you! The killer bee closely misses you.
The killer bee stings you.
You feel sick. The killer bee stings you.
The killer bee stings you but does no damage.
The killer bee closely misses you. The killer bee barely misses you.
Unknown command.
Casting: Searing Ray (safe; 1% risk of failure)
Confirm with . or Enter, or press ? or * to list all spells.
Aiming: Searing Ray (safe; 1% risk of failure)
Press: ? - help, Shift-Dir - straight line, f - killer bee
Aim: a killer bee (heavily wounded, 65% to hit)
The searing ray hits the killer bee!
You kill the killer bee!
Vehumet accepts your kill. (Press . to maintain the ray.)
You feel very sick.
The killer bee stings you but does no damage.
The killer bee stings you.
* * * LOW HITPOINT WARNING * * *
Your Spellcasting skill increases to level 9!
You feel sick. The killer bee stings you.
* * * LOW HITPOINT WARNING * * *
The killer bee misses you.
You feel sick. The killer bee stings you.
* * * LOW HITPOINT WARNING * * *
You are lethally poisoned!
The killer bee poisons you! The killer bee closely misses you.
* * * LOW HITPOINT WARNING * * *
You feel very sick. The killer bee barely misses you.
A red film seems to cover your vision as you go berserk!
You feel yourself moving faster!
You feel mighty!
* * * LOW HITPOINT WARNING * * *
You feel very sick. The killer bee misses you. The killer bee stings you.
You die...

##.....###..... .#
#............)#
...##.............###
..........##........
.####.._.###.......
###.....##.......#
..........#...##†.#
......###.....##..#
...### #.....@y..#
.## #.######........
#.# ###...### ..#
..## #.## ..# #. ..
.. ... ...


You could see a killer bee.

Vanquished Creatures
  The ghost of PanSaczeczos the Skirmisher, a novice DsWn of Qazlal (D:6)
  Maggie (D:7)
  The ghost of raph the Firebug, an amateur DrFE (D:4)
  Sigmund (D:4)
  A wyvern (D:7)
  A steam dragon (D:7)
  2 water moccasins (D:6)
  A sky beast (D:5)
  An orc warrior (D:6)
  2 ice beasts (D:5)
  6 necrophages
  2 black bears (D:5)
  4 ogres
  A centaur (D:6)
  A phantom (D:6)
  4 bullfrogs
  A scorpion (D:4)
  A water moccasin zombie (D:4)
  A wyvern zombie (D:5)
  2 water moccasin skeletons
  3 killer bees (D:8)
  A bullfrog zombie (D:5)
  A centaur zombie (D:8)
  2 hounds (D:5)
  3 jellies
  3 orc priests
  2 orc wizards
  A scorpion zombie (D:4)
  A hound skeleton (D:5)
  A howler monkey zombie (D:5)
  Robin (D:4)
  A howler monkey skeleton (D:5)
  5 adders
  3 gnolls (D:5)
  3 ufetubi
  An adder skeleton (D:4)
  2 worms
  3 dart slugs
  9 orcs
  6 ball pythons
  6 bats
  3 endoplasms
  5 giant cockroaches
  12 goblins
  10 hobgoblins
  9 jackals
  A quokka (D:5)
  A frilled lizard (D:2)
  8 kobolds
  2 rats
144 creatures vanquished.

Vanquished Creatures (others)
  4 bushes (D:4)
  18 fulminant prisms
  20 plants
42 creatures vanquished.

Grand Total: 186 creatures vanquished

Notes
Turn   | Place    | Note
-------+----------+-------------------------------------------
     0 | D:1      | cumgoblin the Deep Elf Conjurer began the quest for the
                  | Orb.
     0 | D:1      | Reached XP level 1. HP: 10/10 MP: 6/6
   503 | D:1      | Reached XP level 2. HP: 6/15 MP: 4/8
   677 | D:1      | Learned a level 2 spell: Searing Ray
  1458 | D:2      | Found a faded altar of an unknown god.
  1460 | D:2      | Reached skill level 5 in Conjurations
  1563 | D:2      | Reached XP level 3. HP: 19/19 MP: 8/10
  1647 | D:2      | Reached skill level 4 in Spellcasting
  2059 | D:2      | Gained mutation: You are robust. (+10% HP) [potion of
                  | mutation]
  2059 | D:2      | Gained mutation: You possess an exceptional clarity of
                  | mind. [potion of mutation]
  2900 | D:4      | Reached skill level 5 in Spellcasting
  2900 | D:4      | Reached XP level 4. HP: 22/26 MP: 4/13
  3347 | D:4      | Noticed an ogre
  3515 | D:4      | Noticed Robin
  3855 | D:4      | Reached XP level 5. HP: 30/30 MP: 10/14
  4013 | D:4      | Learned a level 4 spell: Fulminant Prism
  4017 | D:4      | Learned a level 3 spell: Ozocubu's Armour
  4070 | D:4      | Found a snail-covered altar of Cheibriados.
  4168 | D:4      | Killed Robin
  4173 | D:4      | Reached skill level 1 in Hexes
  4359 | D:4      | Killed an ogre
  4360 | D:4      | Reached skill level 1 in Ice Magic
  4360 | D:4      | Reached XP level 6. HP: 35/35 MP: 11/16
  4502 | D:4      | Found a blossoming altar of Fedhas.
  4520 | D:4      | Noticed Sigmund
  4530 | D:4      | Killed Sigmund
  4580 | D:4      | Reached XP level 7. HP: 28/39 MP: 3/17
  4789 | D:4      | Reached skill level 5 in Hexes
  4958 | D:4      | Found a runed translucent door.
  4963 | D:4      | Noticed raph's ghost (amateur DrFE)
  5009 | D:4      | Reached skill level 5 in Ice Magic
  5135 | D:4      | Reached XP level 8. HP: 38/45 MP: 12/18
  5345 | D:4      | Killed raph's ghost
  5537 | D:5      | Entered Level 5 of the Dungeon
  5650 | D:5      | Reached skill level 6 in Spellcasting
  5847 | D:5      | Reached skill level 1 in Fighting
  7013 | D:5      | Reached XP level 9. HP: 52/52 MP: 12/21
  7186 | D:5      | Found a staircase to the Ecumenical Temple.
  7190 | Temple   | Entered the Ecumenical Temple
  7413 | Temple   | Became a worshipper of Vehumet
  7537 | D:6      | Reached skill level 7 in Spellcasting
  8012 | D:6      | HP: 2/53 [orc warrior/+0 long sword (16)]
  8434 | D:6      | Found a runed translucent door.
  8439 | D:6      | Noticed PanSaczeczos's ghost (novice DsWn)
  8490 | D:6      | Found a runed translucent door.
  9655 | D:7      | Noticed Maggie
 10006 | D:6      | Reached skill level 8 in Spellcasting
 10519 | D:6      | Killed PanSaczeczos's ghost
 10689 | D:7      | Killed Maggie
 10690 | D:7      | Reached XP level 10. HP: 35/61 MP: 9/24
 11133 | D:7      | Found a broken altar of Ashenzari.
 11676 | D:8      | Found a burning altar of Makhleb.
 11722 | D:8      | Reached skill level 9 in Spellcasting
 11724 | D:8      | HP: 3/61 [poisoned by a killer bee]
 11725 | D:8      | Slain by a killer bee

Illustrated notes

Levels and vault maps discovered:
D:1:      ncdulo_wetmaze, layout_loops_corners, chequers_big_river,
          chequers_serial_rivers_micro_e
D:2:      layout_loops_ring, shapermc_ecumenical_altar_notcrosses
D:3:      layout_loops_ring
D:4:      layout_rooms, fedhas_altar_decomposition, cheibrodos_worm_habitat,
          ebering_ghost_sewer_d, uniq_robin, uniq_sigmund
D:5:      layout_cave_pods, temple_hall_moat, st_stairs_3, serial_bayou_lagoon_a
D:6:      layout_basic, ebering_ghost_sewer_f, serial_corexii_hall,
          corexii_hall_statues_x, corexii_hall_statues_i,
          corexii_hall_statues_i, lightli_minifort
D:7:      layout_layer_cave, ashenzari_altar_1, abandoned_shop, uniq_maggie
D:8:      layout_layer_cave, old_standard_altar, bloody_makhleb,
          mainiacjoe_overflow_catwalk, grunt_lair_entry_orc_guard_hut,
          hellmonk_guarded_unrand_vitality_bloodlust
Temple:   nicolae_temple_great_sept

Skill      XL: |  1  2  3  4  5  6  7  8  9 10 |
---------------+-------------------------------+-----
Conjurations   | 5 6 8 |  8.4
Spellcasting   | 5 6 8 9 |  9.0
Hexes          | 2 4 6 7 |  7.5
Ice Magic      | 1 3 5 6 8 |  8.4
Fighting       | 1 3 4 |  4.1
Dodging        | 4 |  4.9
Stealth        | |  2.4

Action                   |  1- 3 |  4- 6 |  7- 9 | 10-12 || total
-------------------------+-------+-------+-------+-------++-------
Melee: Scythe            |       |       |    17 |       ||    17
 Cast: Magic Dart        |    68 |    72 |   179 |    30 ||   349
       Searing Ray       |       |    13 |    38 |     4 ||    55
       Fulminant Prism   |       |       |    17 |     1 ||    18
       Ozocubu's Armour  |       |       |    11 |       ||    11
  Use: Scroll            |     8 |       |    10 |     1 ||    19
       Potion            |     2 |       |     3 |     1 ||     6
Armor: Robe              |     2 |    15 |    46 |       ||    63
       Steam dragon scal |       |       |       |    13 ||    13
Dodge: Dodged            |    12 |    30 |    78 |    18 ||   138
